WCHLSIM.com - West Coast Hockey League
html PUBLIC "-//W3C//DTD XHTML 1.0 Transitional//EN" "http://www.w3.org/TR/xhtml1/DTD/xhtml1-transitional.dtd"> WCHL - Game 243 - SACRAMENTO BANDITS vs NORTH DAKOTA HAWKS

SACRAMENTO BANDITS vs NORTH DAKOTA HAWKS

Created - 17 novembre 2023 at 21:51

Goals
1 2 3 T
SACRAMENTO BANDITS 1 0 1 2
NORTH DAKOTA HAWKS 1 0 3 4
Shots
1 2 3 T
SACRAMENTO BANDITS 10 6 10 26
NORTH DAKOTA HAWKS 9 4 13 26

1st period

1. NORTH DAKOTA HAWKS , Connor Clifton 2 (Emil Bemstrom 6, Frederick Gaudreau 9) at 0:58
2. SACRAMENTO BANDITS , Nico Hischier 7 (Brent Burns 3, Danil Gushchin 1) at 3:31

Penalties :
No Penalty

2nd period

No Goal

Penalties :
No Penalty

3rd period

3. NORTH DAKOTA HAWKS , Jake DeBrusk 8 (Nick Suzuki 15, Reyley Smith 10) at 3:04
4. NORTH DAKOTA HAWKS , Jordan Kyrou 10 (Jason Robertson 10, Cale Makar 16) at 5:58
5. NORTH DAKOTA HAWKS , Nick Suzuki 10 (Reyley Smith 11, Jake DeBrusk 12) at 7:35
6. SACRAMENTO BANDITS , Blake Wheeler 8 (Brent Burns 4, Nico Hischier 5) at 12:01

Penalties :
Emil Bemstrom (NDH) for Roughing (Minor) at 15:27

Goalie Stats

Jaroslav Halak (SAC), 7 saves from 7 shots - (1,000), 12:25 minutes
Marc-Andre Fleury (SAC), 15 saves from 19 shots - (0,789), L, 7-8-1, 47:35 minutes
Linus Ullmark (NDH), 24 saves from 26 shots - (0,923), W, 12-3-0, 60:00 minutes

Players Stats for SACRAMENTO BANDITS

Player Name              G  A  P  +/- PIM S  H  SB GA TA FO     MP     PP MP  PK MP  
------------------------------------------------------------------------------------
Blake Wheeler            1  0  1   1  0   2  5  0  0  0  0/1    19:09   0:50   0:00 
Brendan Smith            0  0  0  -2  0   0  2  2  0  0  0/0    16:44   0:00   0:00 
Brent Burns              0  2  2   1  0   3  1  1  0  0  0/0    23:14   0:50   0:00 
Christian Fischer        0  0  0  -2  0   0  2  0  0  0  0/1    14:39   0:00   0:00 
Danil Gushchin           0  1  1   1  0   1  0  0  0  0  0/0     5:29   0:00   0:00 
Dante Fabbro             0  0  0  -2  0   0  0  1  0  0  0/0    16:44   0:00   0:00 
David Perron             0  0  0   1  0   0  1  0  0  0  0/0    19:09   0:50   0:00 
Dominik Kubalik          0  0  0   1  0   0  1  0  0  0  1/1     5:29   0:00   0:00 
Eetu Luostarinen         0  0  0  -2  0   3  0  0  0  0  7/13   14:39   0:00   0:00 
Janis Moser              0  0  0  -1  0   2  4  3  0  0  0/0    20:02   1:09   0:00 
Jonathan Huberdeau       0  0  0  -2  0   1  0  0  0  0  0/1    14:39   0:00   0:00 
Marc-Edouard Vlasic      0  0  0   1  0   0  0  1  0  0  0/0    23:14   0:50   0:00 
Marcus Johansson         0  0  0  -2  0   5  1  0  0  0  1/1    20:43   1:09   0:00 
Mark Scheifele           0  0  0  -2  0   5  1  2  0  0  14/28  20:43   1:09   0:00 
Nico Hischier            1  1  2   2  0   4  0  0  0  0  21/31  24:38   0:50   0:00 
Patrick Kane             0  0  0  -2  0   0  2  0  0  0  0/0    20:43   1:09   0:00 
Patrick Maroon           0  0  0   0  0   0  0  0  0  0  0/0     0:00   0:00   0:00 
Rasmus Sandin            0  0  0  -1  0   0  6  1  0  0  0/0    20:02   1:09   0:00 

Players Stats for NORTH DAKOTA HAWKS

Player Name              G  A  P  +/- PIM S  H  SB GA TA FO     MP     PP MP  PK MP  
------------------------------------------------------------------------------------
Alex Belzile             0  0  0   0  0   1  0  0  0  0  3/10    9:36   0:00   0:30 
Cale Makar               0  1  1   1  0   0  0  2  0  0  0/0    21:25   0:00   0:00 
Connor Clifton           1  0  1   1  0   1  2  1  0  0  0/0    18:59   0:00   0:58 
Dillon Dube              0  0  0   0  0   3  3  0  0  0  0/0    13:25   0:00   0:23 
Emil Bemstrom            0  1  1   0  2   1  0  0  0  0  0/1    13:01   0:00   0:00 
Erik Johnson             0  0  0   0  0   0  2  1  0  0  0/0    19:36   0:00   1:01 
Frederick Gaudreau       0  1  1   0  0   5  0  1  0  0  11/21  14:16   0:00   1:14 
Garnet Hathaway          0  0  0   0  0   3  1  0  0  0  0/1    10:02   0:00   0:56 
Jack Hughes              0  0  0   0  0   1  0  0  0  0  7/23   18:43   0:00   0:00 
Jake DeBrusk             1  1  2   2  0   3  1  0  0  0  1/2    17:32   0:00   0:22 
Jason Robertson          0  1  1   0  0   1  0  0  0  0  0/0    18:43   0:00   0:00 
Jordan Kyrou             1  0  1   0  0   2  1  0  0  0  0/0    18:54   0:00   0:11 
Mathew Dumba             0  0  0   1  0   0  1  0  0  0  0/0    22:23   0:00   0:58 
Nathan Walker            0  0  0   0  0   0  0  0  0  0  0/0     9:06   0:00   0:00 
Nick Blankenburg         0  0  0   1  0   0  0  1  0  0  0/0    18:01   0:00   0:00 
Nick Suzuki              1  1  2   2  0   3  0  0  0  0  11/18  17:32   0:00   0:22 
Reyley Smith             0  2  2   2  0   2  1  0  0  0  0/1    17:10   0:00   0:00 
Ryan Lindgren            0  0  0   0  0   0  1  1  0  0  0/0    19:36   0:00   1:01 

3 Stars

1 - Jake DeBrusk (NDH)
2 - Nick Suzuki (NDH)
3 - Reyley Smith (NDH)

Power Play

SACRAMENTO BANDITS - 0 on 1 Attempt(s) - 0,00%
NORTH DAKOTA HAWKS - 0 on 0 Attempt(s) - 0,00%

Penalty Kill

SACRAMENTO BANDITS - 0 on 0 Attempt(s) - 0,00% - Score 0 goal in Penalty Kill
NORTH DAKOTA HAWKS - 1 on 1 Attempt(s) - 100,00% - Score 0 goal in Penalty Kill

Team Stat

SACRAMENTO BANDITS - Hits : 26 - Faceoff Wins : 44 - Blocked Shots : 11 - Penalty Minutes : 0
NORTH DAKOTA HAWKS - Hits : 13 - Faceoff Wins : 33 - Blocked Shots : 7 - Penalty Minutes : 2

Official

Referees : Frederick L'Ecuyer and Andrew Wilk
Linesman : Colin Gates and Bryan Pancich

Game Notes

Jaroslav Halak enters game at 7:35 of 3rd period

Finance

Level 1 -- Attendance: 6000 (100,00%) -- Ticket Income 960 000 $
Level 2 -- Attendance: 5000 (100,00%) -- Ticket Income 550 000 $
Level 3 -- Attendance: 2000 (100,00%) -- Ticket Income 180 000 $
Level 4 -- Attendance: 4000 (100,00%) -- Ticket Income 240 000 $
Luxury Box -- Attendance: 949 (94,90%) -- Ticket Income 279 955 $
Total Attendance: 17949 (99,72%)
Total Ticket Income: 2 209 955 $
Other Expense: 22 100 $
Total Income: 2 187 855 $

SACRAMENTO BANDITS

5 vs 5 Forward 
   Center                   Left Wing                Right Wing               Time % Phy DF OF 
 1 Nico Hischier            David Perron             Blake Wheeler            36     1   2  2  
 2 Mark Scheifele           Marcus Johansson         Patrick Kane             31     1   2  2  
 3 Eetu Luostarinen         Jonathan Huberdeau       Christian Fischer        23     1   2  2  
 4 Nico Hischier            Dominik Kubalik          Danil Gushchin           10     1   2  2  

5 vs 5 Defense 
   Defense                  Defense                                           Time % Phy DF OF 
 1 Brent Burns              Marc-Edouard Vlasic                               36     1   2  2  
 2 Janis Moser              Rasmus Sandin                                     31     1   2  2  
 3 Brendan Smith            Dante Fabbro                                      23     1   2  2  
 4 Brent Burns              Marc-Edouard Vlasic                               10     1   2  2  

PowerPlay Forward 
   Center                   Left Wing                Right Wing               Time % Phy DF OF 
 1 Nico Hischier            David Perron             Blake Wheeler            55     1   2  2  
 2 Mark Scheifele           Marcus Johansson         Patrick Kane             45     1   2  2  

PowerPlay Defense
   Defense                  Defense                                           Time % Phy DF OF 
 1 Brent Burns              Marc-Edouard Vlasic                               55     1   2  2  
 2 Janis Moser              Rasmus Sandin                                     45     1   2  2  

Penalty Kill 4 Players Forward 
   Center                   Wing                     Time % Phy DF OF 
 1 Nico Hischier            Blake Wheeler            55     1   2  2  
 2 Mark Scheifele           Patrick Kane             45     1   2  2  

Penalty Kill 4 Players Defense
   Defense                  Defense                  Time % Phy DF OF 
 1 Brent Burns              Marc-Edouard Vlasic      55     1   2  2  
 2 Janis Moser              Rasmus Sandin            45     1   2  2  

Penalty Kill - 3 Players Forward 
   Forward                                           Time % Phy DF OF 
 1 Nico Hischier                                     55     1   2  2  
 2 Blake Wheeler                                     45     1   2  2  

Penalty Kill - 3 Players Defense
   Defense                  Defense                  Time % Phy DF OF 
 1 Brent Burns              Marc-Edouard Vlasic      55     1   2  2  
 2 Janis Moser              Rasmus Sandin            45     1   2  2  

4 vs 4 Forward 
   Center                   Wing                     Time % Phy DF OF 
 1 Nico Hischier            Blake Wheeler            55     1   2  2  
 2 Mark Scheifele           Patrick Kane             45     1   2  2  

4 vs 4 Defense
   Defense                  Defense                  Time % Phy DF OF 
 1 Brent Burns              Marc-Edouard Vlasic      55     1   2  2  
 2 Janis Moser              Rasmus Sandin            45     1   2  2  

Last Minutes Offensive
   Center                   Left Wing                Right Wing               Defense                  Defense                  
   Nico Hischier            David Perron             Blake Wheeler            Brent Burns              Marc-Edouard Vlasic      

Last Minutes Defensive
   Center                   Left Wing                Right Wing               Defense                  Defense                  
   Nico Hischier            David Perron             Blake Wheeler            Brent Burns              Marc-Edouard Vlasic      

Goaltenders
Starting : Marc-Andre Fleury        
Backup : Jaroslav Halak           

Extra Forwards
Normal : Patrick Maroon, Jonathan Huberdeau, Eetu Luostarinen - PP : Patrick Maroon, Jonathan Huberdeau - PK : Eetu Luostarinen
Extra Defensemen
Normal : Brendan Smith, Brent Burns, Janis Moser - PP : Brendan Smith - PK : Marc-Edouard Vlasic, Janis Moser
Penalty Shots
Nico Hischier, Blake Wheeler, Mark Scheifele, Patrick Kane, David Perron
Custom OT Lines Forwards
Nico Hischier, Blake Wheeler, Mark Scheifele, Patrick Kane, David Perron, Marcus Johansson, Jonathan Huberdeau, Eetu Luostarinen, Dominik Kubalik, Christian Fischer
Custom OT Lines Defensemen
Brent Burns, Marc-Edouard Vlasic, Janis Moser, Rasmus Sandin, Brendan Smith

Scratches
None

NORTH DAKOTA HAWKS

5 vs 5 Forward 
   Center                   Left Wing                Right Wing               Time % Phy DF OF 
 1 Jack Hughes              Jason Robertson          Jordan Kyrou             32     0   2  3  
 2 Nick Suzuki              Jake DeBrusk             Reyley Smith             30     0   2  3  
 3 Frederick Gaudreau       Dillon Dube              Emil Bemstrom            22     0   4  1  
 4 Alex Belzile             Nathan Walker            Garnet Hathaway          16     1   4  0  

5 vs 5 Defense 
   Defense                  Defense                                           Time % Phy DF OF 
 1 Mathew Dumba             Cale Makar                                        38     0   1  4  
 2 Ryan Lindgren            Erik Johnson                                      32     0   4  1  
 3 Nick Blankenburg         Connor Clifton                                    15     0   4  1  
 4 Nick Blankenburg         Connor Clifton                                    15     0   4  1  

PowerPlay Forward 
   Center                   Left Wing                Right Wing               Time % Phy DF OF 
 1 Nick Suzuki              Jake DeBrusk             Reyley Smith             65     1   0  4  
 2 Jack Hughes              Jason Robertson          Jordan Kyrou             35     1   0  4  

PowerPlay Defense
   Defense                  Defense                                           Time % Phy DF OF 
 1 Cale Makar               Dillon Dube                                       65     1   0  4  
 2 Emil Bemstrom            Nick Blankenburg                                  35     1   0  4  

Penalty Kill 4 Players Forward 
   Center                   Wing                     Time % Phy DF OF 
 1 Frederick Gaudreau       Garnet Hathaway          65     0   4  1  
 2 Nick Suzuki              Jake DeBrusk             35     0   4  1  

Penalty Kill 4 Players Defense
   Defense                  Defense                  Time % Phy DF OF 
 1 Ryan Lindgren            Erik Johnson             65     0   5  0  
 2 Mathew Dumba             Connor Clifton           35     0   5  0  

Penalty Kill - 3 Players Forward 
   Forward                                           Time % Phy DF OF 
 1 Frederick Gaudreau                                60     0   5  0  
 2 Nick Suzuki                                       40     0   5  0  

Penalty Kill - 3 Players Defense
   Defense                  Defense                  Time % Phy DF OF 
 1 Ryan Lindgren            Erik Johnson             60     0   5  0  
 2 Mathew Dumba             Connor Clifton           40     0   5  0  

4 vs 4 Forward 
   Center                   Wing                     Time % Phy DF OF 
 1 Jack Hughes              Jason Robertson          55     0   1  4  
 2 Nick Suzuki              Jake DeBrusk             45     0   1  4  

4 vs 4 Defense
   Defense                  Defense                  Time % Phy DF OF 
 1 Mathew Dumba             Cale Makar               55     0   1  4  
 2 Ryan Lindgren            Nick Blankenburg         45     0   4  1  

Last Minutes Offensive
   Center                   Left Wing                Right Wing               Defense                  Defense                  
   Nick Suzuki              Jason Robertson          Jordan Kyrou             Jack Hughes              Cale Makar               

Last Minutes Defensive
   Center                   Left Wing                Right Wing               Defense                  Defense                  
   Nick Suzuki              Jake DeBrusk             Reyley Smith             Ryan Lindgren            Cale Makar               

Goaltenders
Starting : Linus Ullmark            
Backup : Scott Wedgewood          

Extra Forwards
Normal : Alex Belzile, Emil Bemstrom, Nathan Walker - PP : Frederick Gaudreau, Garnet Hathaway - PK : Alex Belzile
Extra Defensemen
Normal : Connor Clifton, Nick Blankenburg, Erik Johnson - PP : Ryan Lindgren - PK : Cale Makar, Nick Blankenburg
Penalty Shots
Jordan Kyrou, Jason Robertson, Jack Hughes, Nick Suzuki, Jake DeBrusk
Custom OT Lines Forwards
Jack Hughes, Jason Robertson, Jordan Kyrou, Nick Suzuki, Jake DeBrusk, Reyley Smith, Frederick Gaudreau, Dillon Dube, Emil Bemstrom, Garnet Hathaway
Custom OT Lines Defensemen
Cale Makar, Ryan Lindgren, Erik Johnson, Mathew Dumba, Connor Clifton

Scratches
Ben Hutton (Healthy), Connor Dewar (Healthy)

% Time on Ice - SACRAMENTO BANDITS

Lines # - Real PCT - Wanted PCT - Time Play
Normal Forward
1 - 32% - 36% - 18:19
2 - 34% - 31% - 19:34
3 - 25% - 23% - 14:39
4 - 9% - 10% - 5:29
Normal Defense
1 - 33% - 36% - 19:01
2 - 33% - 31% - 18:53
3 - 29% - 23% - 16:44
4 - 6% - 10% - 3:23
PP Forward
1 - 42% - 55% - 0:50
2 - 58% - 45% - 1:09
PP Defense
1 - 42% - 55% - 0:50
2 - 58% - 45% - 1:09
PK Forward
1 - 0% - 55%
2 - 0% - 45%
PK Defense
1 - 0% - 55%
2 - 0% - 45%
PK3 Forward
1 - 0% - 55%
2 - 0% - 45%
PK3 Defense
1 - 0% - 55%
2 - 0% - 45%
44 Forward
1 - 0% - 55%
2 - 0% - 45%
44 Defense
1 - 0% - 55%
2 - 0% - 45%
Last Minute Offensive  - 0:00
Last Minute Defensive  - 0:00
Total
Forward - 60:00
Defense - 60:00

% Time on Ice - NORTH DAKOTA HAWKS

Lines # - Real PCT - Wanted PCT - Time Play
Normal Forward
1 - 32% - 32% - 18:43
2 - 30% - 30% - 17:10
3 - 22% - 22% - 13:02
4 - 16% - 16% - 9:06
Normal Defense
1 - 37% - 38% - 21:25
2 - 32% - 32% - 18:35
3 - 15% - 15% - 8:37
4 - 16% - 15% - 9:24
PP Forward
1 - 0% - 65%
2 - 0% - 35%
PP Defense
1 - 0% - 65%
2 - 0% - 35%
PK Forward
1 - 82% - 65% - 1:37
2 - 18% - 35% - 0:22
PK Defense
1 - 51% - 65% - 1:01
2 - 49% - 35% - 0:58
PK3 Forward
1 - 0% - 60%
2 - 0% - 40%
PK3 Defense
1 - 0% - 60%
2 - 0% - 40%
44 Forward
1 - 0% - 55%
2 - 0% - 45%
44 Defense
1 - 0% - 55%
2 - 0% - 45%
Last Minute Offensive  - 0:00
Last Minute Defensive  - 0:00
Total
Forward - 60:00
Defense - 60:00

Play-by-Play

1st period


0:01 of 1st period - Nico Hischier wins face-off versus Jack Hughes in neutral zone.
0:11 of 1st period - Off-side.
0:12 of 1st period - Nick Suzuki wins face-off versus Mark Scheifele in neutral zone.
0:12 of 1st period - Nick Suzuki is hit by Patrick Kane.
0:17 of 1st period - Reyley Smith is hit by Janis Moser and loses puck.
0:31 of 1st period - Jake DeBrusk is hit by Rasmus Sandin and loses puck.
0:40 of 1st period - Shot by Nick Suzuki.
0:40 of 1st period - Shot Blocked by Janis Moser.
0:42 of 1st period - Shot by Reyley Smith.
0:42 of 1st period - Stopped by Marc-Andre Fleury without a rebound.
0:43 of 1st period - Eetu Luostarinen wins face-off versus Frederick Gaudreau in SACRAMENTO BANDITS zone.
0:56 of 1st period - Shot by Emil Bemstrom.
0:56 of 1st period - Shot Misses the Net.
0:58 of 1st period - Shot by Connor Clifton.
0:58 of 1st period - Goal by Connor Clifton - SACRAMENTO BANDITS : 0 - NORTH DAKOTA HAWKS : 1.
0:59 of 1st period - Nico Hischier wins face-off versus Alex Belzile in neutral zone.
1:21 of 1st period - Cale Makar is hit by Blake Wheeler and loses puck.
1:44 of 1st period - Cale Makar is hit by Blake Wheeler and loses puck.
2:21 of 1st period - Shot by Jack Hughes.
2:21 of 1st period - Stopped by Marc-Andre Fleury without a rebound.
2:22 of 1st period - Frederick Gaudreau wins face-off versus Mark Scheifele in SACRAMENTO BANDITS zone.
2:37 of 1st period - Shot by Dillon Dube.
2:37 of 1st period - Stopped by Marc-Andre Fleury with a rebound.
2:40 of 1st period - Frederick Gaudreau is hit by Janis Moser and loses puck.
2:44 of 1st period - Emil Bemstrom is hit by Janis Moser and loses puck.
2:53 of 1st period - Shot by Dillon Dube.
2:53 of 1st period - Deflect By Frederick Gaudreau.
2:53 of 1st period - Stopped by Marc-Andre Fleury without a rebound.
2:54 of 1st period - Nico Hischier wins face-off versus Jack Hughes in SACRAMENTO BANDITS zone.
3:01 of 1st period - Shot by Nico Hischier.
3:01 of 1st period - Shot Misses the Net.
3:31 of 1st period - Shot by Nico Hischier.
3:31 of 1st period - Goal by Nico Hischier - SACRAMENTO BANDITS : 1 - NORTH DAKOTA HAWKS : 1.
3:32 of 1st period - Mark Scheifele wins face-off versus Nick Suzuki in neutral zone.
3:37 of 1st period - Shot by Patrick Kane.
3:37 of 1st period - Deflect By Mark Scheifele.
3:37 of 1st period - Stopped by Linus Ullmark without a rebound.
3:38 of 1st period - Jake DeBrusk wins face-off versus Eetu Luostarinen in NORTH DAKOTA HAWKS zone.
3:57 of 1st period - Shot by Jonathan Huberdeau.
3:57 of 1st period - Stopped by Linus Ullmark without a rebound.
3:58 of 1st period - Nico Hischier wins face-off versus Frederick Gaudreau in NORTH DAKOTA HAWKS zone.
4:10 of 1st period - Blake Wheeler is hit by Mathew Dumba and loses puck.
4:34 of 1st period - Shot by Dillon Dube.
4:34 of 1st period - Shot Blocked by Janis Moser.
5:14 of 1st period - Shot by Mark Scheifele.
5:14 of 1st period - Shot Misses the Net.
5:16 of 1st period - Shot by Brent Burns.
5:16 of 1st period - Stopped by Linus Ullmark without a rebound.
5:17 of 1st period - Jack Hughes wins face-off versus Eetu Luostarinen in NORTH DAKOTA HAWKS zone.
5:17 of 1st period - Jason Robertson is hit by Christian Fischer and loses puck.
5:22 of 1st period - Shot by Eetu Luostarinen.
5:22 of 1st period - Stopped by Linus Ullmark without a rebound.
5:23 of 1st period - Eetu Luostarinen wins face-off versus Nick Suzuki in NORTH DAKOTA HAWKS zone.
6:02 of 1st period - Nick Suzuki is hit by Brendan Smith and loses puck.
6:30 of 1st period - Nico Hischier is hit by Ryan Lindgren and loses puck.
6:55 of 1st period - Shot by Blake Wheeler.
6:55 of 1st period - Shot Misses the Net.
7:16 of 1st period - Jason Robertson is hit by Rasmus Sandin and loses puck.
7:32 of 1st period - Nathan Walker is hit by Rasmus Sandin and loses puck.
7:37 of 1st period - Shot by Cale Makar.
7:37 of 1st period - Shot Blocked by Janis Moser.
7:51 of 1st period - Garnet Hathaway is hit by Rasmus Sandin and loses puck.
8:09 of 1st period - Icing by Janis Moser.
8:10 of 1st period - Mark Scheifele wins face-off versus Nick Suzuki in SACRAMENTO BANDITS zone.
8:10 of 1st period - Mark Scheifele is hit by Reyley Smith.
8:15 of 1st period - Icing by Mark Scheifele.
8:16 of 1st period - Mark Scheifele wins face-off versus Reyley Smith in SACRAMENTO BANDITS zone.
8:58 of 1st period - Nick Suzuki is hit by Brent Burns and loses puck.
9:14 of 1st period - Off-side.
9:15 of 1st period - Jack Hughes wins face-off versus Eetu Luostarinen in neutral zone.
10:15 of 1st period - Shot by Frederick Gaudreau.
10:15 of 1st period - Stopped by Marc-Andre Fleury without a rebound.
10:16 of 1st period - Nick Suzuki wins face-off versus Nico Hischier in SACRAMENTO BANDITS zone.
10:25 of 1st period - Shot by Jake DeBrusk.
10:25 of 1st period - Shot Blocked by Brent Burns.
10:40 of 1st period - Shot by Danil Gushchin.
10:40 of 1st period - Shot Misses the Net.
10:42 of 1st period - Shot by Brent Burns.
10:42 of 1st period - Shot Misses the Net.
11:30 of 1st period - Shot by Marcus Johansson.
11:30 of 1st period - Stopped by Linus Ullmark with a rebound.
11:49 of 1st period - Shot by Frederick Gaudreau.
11:49 of 1st period - Shot Misses the Net.
13:00 of 1st period - Icing by Christian Fischer.
13:01 of 1st period - Eetu Luostarinen wins face-off versus Jake DeBrusk in SACRAMENTO BANDITS zone.
13:33 of 1st period - Icing by David Perron.
13:34 of 1st period - Nico Hischier wins face-off versus Alex Belzile in SACRAMENTO BANDITS zone.
13:46 of 1st period - Icing by Nick Blankenburg.
13:47 of 1st period - Mark Scheifele wins face-off versus Alex Belzile in NORTH DAKOTA HAWKS zone.
13:50 of 1st period - Shot by Marcus Johansson.
13:50 of 1st period - Stopped by Linus Ullmark without a rebound.
13:51 of 1st period - Frederick Gaudreau wins face-off versus Mark Scheifele in NORTH DAKOTA HAWKS zone.
13:53 of 1st period - Icing by Dillon Dube.
13:54 of 1st period - Frederick Gaudreau wins face-off versus Nico Hischier in NORTH DAKOTA HAWKS zone.
13:59 of 1st period - Shot by Dillon Dube.
13:59 of 1st period - Shot Misses the Net.
14:01 of 1st period - Shot by Dillon Dube.
14:01 of 1st period - Deflect By Frederick Gaudreau.
14:01 of 1st period - Stopped by Marc-Andre Fleury without a rebound.
14:02 of 1st period - Nico Hischier wins face-off versus Jack Hughes in SACRAMENTO BANDITS zone.
14:02 of 1st period - Nico Hischier is hit by Jordan Kyrou.
14:20 of 1st period - Shot by Nico Hischier.
14:20 of 1st period - Stopped by Linus Ullmark without a rebound.
14:21 of 1st period - Mark Scheifele wins face-off versus Alex Belzile in NORTH DAKOTA HAWKS zone.
15:52 of 1st period - Shot by Erik Johnson.
15:52 of 1st period - Deflect By Dillon Dube.
15:52 of 1st period - Shot Misses the Net.
15:54 of 1st period - Shot by Frederick Gaudreau.
15:54 of 1st period - Stopped by Marc-Andre Fleury without a rebound.
15:55 of 1st period - Jack Hughes wins face-off versus Christian Fischer in SACRAMENTO BANDITS zone.
15:58 of 1st period - Shot by Jason Robertson.
15:58 of 1st period - Shot Misses the Net.
16:28 of 1st period - Shot by Jack Hughes.
16:28 of 1st period - Shot Misses the Net.
16:42 of 1st period - Off-side.
16:43 of 1st period - Nick Suzuki wins face-off versus Nico Hischier in neutral zone.
16:43 of 1st period - Reyley Smith is hit by David Perron and loses puck.
17:10 of 1st period - Icing by Erik Johnson.
17:11 of 1st period - Nick Suzuki wins face-off versus Mark Scheifele in NORTH DAKOTA HAWKS zone.
17:16 of 1st period - Brent Burns is hit by Jake DeBrusk and loses puck.
18:23 of 1st period - Shot by Blake Wheeler.
18:23 of 1st period - Shot Misses the Net.
18:25 of 1st period - Shot by Janis Moser.
18:25 of 1st period - Stopped by Linus Ullmark without a rebound.
18:26 of 1st period - Jack Hughes wins face-off versus Jonathan Huberdeau in NORTH DAKOTA HAWKS zone.
19:22 of 1st period - Icing by Janis Moser.
19:23 of 1st period - Nico Hischier wins face-off versus Nick Suzuki in SACRAMENTO BANDITS zone.
19:32 of 1st period - Shot by Nico Hischier.
19:32 of 1st period - Shot Misses the Net.
19:44 of 1st period - Shot by Reyley Smith.
19:44 of 1st period - Shot Misses the Net.
19:46 of 1st period - Shot by Reyley Smith.
19:46 of 1st period - Deflect By Nick Suzuki.
19:46 of 1st period - Stopped by Marc-Andre Fleury without a rebound.
19:47 of 1st period - Frederick Gaudreau wins face-off versus Mark Scheifele in SACRAMENTO BANDITS zone.
19:59 of 1st period - Shot by Mark Scheifele.
19:59 of 1st period - Stopped by Linus Ullmark without a rebound.
Goals for this period are 1 for SACRAMENTO BANDITS vs 1 for NORTH DAKOTA HAWKS.
Shots for this period are 10 for SACRAMENTO BANDITS vs 9 for NORTH DAKOTA HAWKS.

2nd period


0:01 of 2nd period - Nick Suzuki wins face-off versus Nico Hischier in neutral zone.
0:11 of 2nd period - Cale Makar is hit by Dominik Kubalik.
0:41 of 2nd period - Shot by Nick Suzuki.
0:41 of 2nd period - Shot Misses the Net.
0:43 of 2nd period - Shot by Reyley Smith.
0:43 of 2nd period - Stopped by Marc-Andre Fleury without a rebound.
0:44 of 2nd period - Mark Scheifele wins face-off versus Jack Hughes in SACRAMENTO BANDITS zone.
1:02 of 2nd period - Icing by Ryan Lindgren.
1:03 of 2nd period - Eetu Luostarinen wins face-off versus Jack Hughes in NORTH DAKOTA HAWKS zone.
1:34 of 2nd period - Shot by Jordan Kyrou.
1:34 of 2nd period - Stopped by Marc-Andre Fleury without a rebound.
1:35 of 2nd period - Nico Hischier wins face-off versus Alex Belzile in SACRAMENTO BANDITS zone.
1:42 of 2nd period - Cale Makar is hit by Blake Wheeler and loses puck.
2:16 of 2nd period - Icing by Cale Makar.
2:17 of 2nd period - Marcus Johansson wins face-off versus Alex Belzile in NORTH DAKOTA HAWKS zone.
2:45 of 2nd period - Patrick Kane is hit by Garnet Hathaway and loses puck.
3:51 of 2nd period - Blake Wheeler is hit by Connor Clifton and loses puck.
4:27 of 2nd period - Ryan Lindgren is hit by Christian Fischer and loses puck.
5:26 of 2nd period - Shot by Dominik Kubalik.
5:26 of 2nd period - Shot Misses the Net.
5:28 of 2nd period - Shot by Nico Hischier.
5:28 of 2nd period - Deflect By Dominik Kubalik.
5:28 of 2nd period - Shot Blocked by Ryan Lindgren.
7:07 of 2nd period - Shot by Nathan Walker.
7:07 of 2nd period - Shot Misses the Net.
7:15 of 2nd period - Shot by Garnet Hathaway.
7:15 of 2nd period - Stopped by Marc-Andre Fleury without a rebound.
7:16 of 2nd period - Nico Hischier wins face-off versus Frederick Gaudreau in SACRAMENTO BANDITS zone.
7:31 of 2nd period - Shot by Nico Hischier.
7:31 of 2nd period - Shot Misses the Net.
8:57 of 2nd period - Shot by Alex Belzile.
8:57 of 2nd period - Shot Misses the Net.
9:25 of 2nd period - Shot by Eetu Luostarinen.
9:25 of 2nd period - Shot Misses the Net.
9:27 of 2nd period - Shot by Brent Burns.
9:27 of 2nd period - Shot Misses the Net.
9:29 of 2nd period - Shot by Brent Burns.
9:29 of 2nd period - Stopped by Linus Ullmark without a rebound.
9:30 of 2nd period - Frederick Gaudreau wins face-off versus Mark Scheifele in NORTH DAKOTA HAWKS zone.
9:53 of 2nd period - Shot by Frederick Gaudreau.
9:53 of 2nd period - Shot Blocked by Mark Scheifele.
11:15 of 2nd period - Shot by Eetu Luostarinen.
11:15 of 2nd period - Shot Misses the Net.
11:20 of 2nd period - Icing by Connor Clifton.
11:21 of 2nd period - Nico Hischier wins face-off versus Jack Hughes in NORTH DAKOTA HAWKS zone.
11:37 of 2nd period - Shot by David Perron.
11:37 of 2nd period - Shot Misses the Net.
11:43 of 2nd period - Shot by Nico Hischier.
11:43 of 2nd period - Shot Blocked by Connor Clifton.
11:45 of 2nd period - Shot by Nico Hischier.
11:45 of 2nd period - Shot Misses the Net.
11:47 of 2nd period - Shot by Nico Hischier.
11:47 of 2nd period - Stopped by Linus Ullmark with a rebound.
12:03 of 2nd period - Jordan Kyrou is hit by Blake Wheeler and loses puck.
12:21 of 2nd period - Shot by Jonathan Huberdeau.
12:21 of 2nd period - Shot Misses the Net.
12:44 of 2nd period - Icing by Marc-Edouard Vlasic.
12:45 of 2nd period - Nick Suzuki wins face-off versus Eetu Luostarinen in SACRAMENTO BANDITS zone.
13:23 of 2nd period - Shot by Mark Scheifele.
13:23 of 2nd period - Stopped by Linus Ullmark without a rebound.
13:24 of 2nd period - Nico Hischier wins face-off versus Frederick Gaudreau in NORTH DAKOTA HAWKS zone.
13:29 of 2nd period - Shot by Nico Hischier.
13:29 of 2nd period - Shot Misses the Net.
13:43 of 2nd period - Janis Moser is hit by Dillon Dube and loses puck.
13:52 of 2nd period - Frederick Gaudreau is hit by Blake Wheeler and loses puck.
14:04 of 2nd period - Icing by Cale Makar.
14:05 of 2nd period - Mark Scheifele wins face-off versus Frederick Gaudreau in NORTH DAKOTA HAWKS zone.
14:10 of 2nd period - Shot by Mark Scheifele.
14:10 of 2nd period - Shot Blocked by Cale Makar.
14:12 of 2nd period - Shot by Patrick Kane.
14:12 of 2nd period - Deflect By Marcus Johansson.
14:12 of 2nd period - Stopped by Linus Ullmark without a rebound.
14:13 of 2nd period - Mark Scheifele wins face-off versus Nick Suzuki in NORTH DAKOTA HAWKS zone.
14:20 of 2nd period - Shot by Mark Scheifele.
14:20 of 2nd period - Shot Misses the Net.
14:41 of 2nd period - Shot by Mark Scheifele.
14:41 of 2nd period - Shot Hit the Post.
14:57 of 2nd period - Patrick Kane is hit by Erik Johnson and loses puck.
16:23 of 2nd period - Icing by Nick Blankenburg.
16:24 of 2nd period - Mark Scheifele wins face-off versus Jack Hughes in NORTH DAKOTA HAWKS zone.
16:42 of 2nd period - Shot by Jason Robertson.
16:42 of 2nd period - Shot Misses the Net.
16:44 of 2nd period - Shot by Connor Clifton.
16:44 of 2nd period - Shot Misses the Net.
17:53 of 2nd period - Shot by Eetu Luostarinen.
17:53 of 2nd period - Shot Misses the Net.
19:06 of 2nd period - Shot by Blake Wheeler.
19:06 of 2nd period - Shot Misses the Net.
19:08 of 2nd period - Shot by Brent Burns.
19:08 of 2nd period - Stopped by Linus Ullmark without a rebound.
19:09 of 2nd period - Nico Hischier wins face-off versus Frederick Gaudreau in NORTH DAKOTA HAWKS zone.
19:10 of 2nd period - Shot by Danil Gushchin.
19:10 of 2nd period - Stopped by Linus Ullmark without a rebound.
19:11 of 2nd period - Nico Hischier wins face-off versus Frederick Gaudreau in NORTH DAKOTA HAWKS zone.
19:30 of 2nd period - Shot by Dillon Dube.
19:30 of 2nd period - Stopped by Marc-Andre Fleury without a rebound.
19:31 of 2nd period - Jack Hughes wins face-off versus Mark Scheifele in SACRAMENTO BANDITS zone.
19:37 of 2nd period - Jack Hughes is hit by Rasmus Sandin and loses puck.
19:56 of 2nd period - Shot by Jason Robertson.
19:56 of 2nd period - Shot Blocked by Rasmus Sandin.
Goals for this period are 0 for SACRAMENTO BANDITS vs 0 for NORTH DAKOTA HAWKS.
Shots for this period are 6 for SACRAMENTO BANDITS vs 4 for NORTH DAKOTA HAWKS.

3rd period


0:01 of 3rd period - Nick Suzuki wins face-off versus Nico Hischier in neutral zone.
0:43 of 3rd period - David Perron is hit by Connor Clifton and loses puck.
1:05 of 3rd period - Off-side.
1:06 of 3rd period - Mark Scheifele wins face-off versus Garnet Hathaway in neutral zone.
1:09 of 3rd period - Garnet Hathaway is hit by Marcus Johansson and loses puck.
1:26 of 3rd period - Shot by Mark Scheifele.
1:26 of 3rd period - Shot Misses the Net.
1:28 of 3rd period - Shot by Patrick Kane.
1:28 of 3rd period - Shot Misses the Net.
1:30 of 3rd period - Shot by Marcus Johansson.
1:30 of 3rd period - Stopped by Linus Ullmark without a rebound.
1:31 of 3rd period - Eetu Luostarinen wins face-off versus Jack Hughes in NORTH DAKOTA HAWKS zone.
2:10 of 3rd period - Shot by Eetu Luostarinen.
2:10 of 3rd period - Shot Misses the Net.
2:13 of 3rd period - Icing by Cale Makar.
2:14 of 3rd period - Jack Hughes wins face-off versus Nico Hischier in NORTH DAKOTA HAWKS zone.
2:32 of 3rd period - Off-side.
2:33 of 3rd period - Mark Scheifele wins face-off versus Nick Suzuki in neutral zone.
3:04 of 3rd period - Shot by Jake DeBrusk.
3:04 of 3rd period - Goal by Jake DeBrusk - SACRAMENTO BANDITS : 1 - NORTH DAKOTA HAWKS : 2.
3:05 of 3rd period - Nico Hischier wins face-off versus Frederick Gaudreau in neutral zone.
3:09 of 3rd period - Off-side.
3:10 of 3rd period - Nico Hischier wins face-off versus Frederick Gaudreau in neutral zone.
3:12 of 3rd period - Off-side.
3:13 of 3rd period - Frederick Gaudreau wins face-off versus Nico Hischier in neutral zone.
4:48 of 3rd period - Shot by Jake DeBrusk.
4:48 of 3rd period - Deflect By Nick Suzuki.
4:48 of 3rd period - Stopped by Marc-Andre Fleury without a rebound.
4:49 of 3rd period - Eetu Luostarinen wins face-off versus Alex Belzile in SACRAMENTO BANDITS zone.
5:12 of 3rd period - Shot by Garnet Hathaway.
5:12 of 3rd period - Shot Blocked by Brendan Smith.
5:26 of 3rd period - Shot by Garnet Hathaway.
5:26 of 3rd period - Shot Blocked by Dante Fabbro.
5:46 of 3rd period - Shot by Jason Robertson.
5:46 of 3rd period - Stopped by Marc-Andre Fleury with a rebound.
5:58 of 3rd period - Shot by Jordan Kyrou.
5:58 of 3rd period - Goal by Jordan Kyrou - SACRAMENTO BANDITS : 1 - NORTH DAKOTA HAWKS : 3.
5:59 of 3rd period - Nick Suzuki wins face-off versus Nico Hischier in neutral zone.
6:22 of 3rd period - Shot by Blake Wheeler.
6:22 of 3rd period - Stopped by Linus Ullmark without a rebound.
6:23 of 3rd period - Mark Scheifele wins face-off versus Jack Hughes in NORTH DAKOTA HAWKS zone.
6:51 of 3rd period - Shot by Mark Scheifele.
6:51 of 3rd period - Stopped by Linus Ullmark without a rebound.
6:52 of 3rd period - Nico Hischier wins face-off versus Emil Bemstrom in NORTH DAKOTA HAWKS zone.
7:09 of 3rd period - Shot by Frederick Gaudreau.
7:09 of 3rd period - Stopped by Marc-Andre Fleury without a rebound.
7:10 of 3rd period - Mark Scheifele wins face-off versus Nick Suzuki in SACRAMENTO BANDITS zone.
7:35 of 3rd period - Shot by Nick Suzuki.
7:35 of 3rd period - Goal by Nick Suzuki - SACRAMENTO BANDITS : 1 - NORTH DAKOTA HAWKS : 4.
7:35 of 3rd period - Jaroslav Halak enters game.
7:36 of 3rd period - Dominik Kubalik wins face-off versus Jack Hughes in neutral zone.
7:50 of 3rd period - Off-side.
7:51 of 3rd period - Frederick Gaudreau wins face-off versus Mark Scheifele in neutral zone.
7:53 of 3rd period - Cale Makar is hit by Brendan Smith and loses puck.
8:01 of 3rd period - Cale Makar is hit by Patrick Kane and loses puck.
8:07 of 3rd period - Mathew Dumba is hit by Mark Scheifele and loses puck.
9:15 of 3rd period - Icing by Brent Burns.
9:16 of 3rd period - Nick Suzuki wins face-off versus Blake Wheeler in SACRAMENTO BANDITS zone.
9:19 of 3rd period - Shot by Reyley Smith.
9:19 of 3rd period - Shot Misses the Net.
9:58 of 3rd period - Shot by Eetu Luostarinen.
9:58 of 3rd period - Shot Blocked by Nick Blankenburg.
10:24 of 3rd period - Shot by Eetu Luostarinen.
10:24 of 3rd period - Stopped by Linus Ullmark with a rebound.
10:43 of 3rd period - Icing by Marcus Johansson.
10:44 of 3rd period - Alex Belzile wins face-off versus Mark Scheifele in SACRAMENTO BANDITS zone.
10:49 of 3rd period - Shot by Garnet Hathaway.
10:49 of 3rd period - Shot Blocked by Brendan Smith.
11:17 of 3rd period - Shot by Patrick Kane.
11:17 of 3rd period - Deflect By Mark Scheifele.
11:17 of 3rd period - Stopped by Linus Ullmark without a rebound.
11:18 of 3rd period - Nico Hischier wins face-off versus Jack Hughes in NORTH DAKOTA HAWKS zone.
11:37 of 3rd period - Icing by Nico Hischier.
11:38 of 3rd period - Frederick Gaudreau wins face-off versus Nico Hischier in SACRAMENTO BANDITS zone.
11:43 of 3rd period - Shot by Frederick Gaudreau.
11:43 of 3rd period - Shot Misses the Net.
11:57 of 3rd period - Shot by Nico Hischier.
11:57 of 3rd period - Stopped by Linus Ullmark with a rebound.
11:59 of 3rd period - Shot by Brent Burns.
11:59 of 3rd period - Shot Blocked by Erik Johnson.
12:01 of 3rd period - Shot by Blake Wheeler.
12:01 of 3rd period - Goal by Blake Wheeler - SACRAMENTO BANDITS : 2 - NORTH DAKOTA HAWKS : 4.
12:02 of 3rd period - Mark Scheifele wins face-off versus Jack Hughes in neutral zone.
12:07 of 3rd period - Shot by Mark Scheifele.
12:07 of 3rd period - Shot Blocked by Cale Makar.
12:11 of 3rd period - Shot by Patrick Kane.
12:11 of 3rd period - Shot Misses the Net.
12:13 of 3rd period - Shot by Janis Moser.
12:13 of 3rd period - Stopped by Linus Ullmark without a rebound.
12:14 of 3rd period - Alex Belzile wins face-off versus Eetu Luostarinen in NORTH DAKOTA HAWKS zone.
12:33 of 3rd period - Shot by Alex Belzile.
12:33 of 3rd period - Stopped by Jaroslav Halak with a rebound.
12:35 of 3rd period - Shot by Alex Belzile.
12:35 of 3rd period - Shot Misses the Net.
12:43 of 3rd period - Shot by Garnet Hathaway.
12:43 of 3rd period - Stopped by Jaroslav Halak without a rebound.
12:44 of 3rd period - Nico Hischier wins face-off versus Jack Hughes in SACRAMENTO BANDITS zone.
12:52 of 3rd period - Off-side.
12:53 of 3rd period - Nico Hischier wins face-off versus Jack Hughes in neutral zone.
12:59 of 3rd period - David Perron is hit by Erik Johnson and loses puck.
13:14 of 3rd period - Off-side.
13:15 of 3rd period - Nick Suzuki wins face-off versus Mark Scheifele in neutral zone.
13:39 of 3rd period - Jake DeBrusk is hit by Rasmus Sandin and loses puck.
13:48 of 3rd period - Shot by Nick Suzuki.
13:48 of 3rd period - Shot Misses the Net.
13:52 of 3rd period - Shot by Jake DeBrusk.
13:52 of 3rd period - Stopped by Jaroslav Halak without a rebound.
13:53 of 3rd period - Nico Hischier wins face-off versus Jack Hughes in SACRAMENTO BANDITS zone.
14:21 of 3rd period - Shot by Jason Robertson.
14:21 of 3rd period - Shot Misses the Net.
14:23 of 3rd period - Shot by Ryan Lindgren.
14:23 of 3rd period - Shot Blocked by Marc-Edouard Vlasic.
14:56 of 3rd period - Shot by Dillon Dube.
14:56 of 3rd period - Stopped by Jaroslav Halak without a rebound.
14:57 of 3rd period - Alex Belzile wins face-off versus Mark Scheifele in SACRAMENTO BANDITS zone.
15:17 of 3rd period - Alex Belzile is hit by Janis Moser and loses puck.
15:20 of 3rd period - Shot by Garnet Hathaway.
15:20 of 3rd period - Stopped by Jaroslav Halak without a rebound.
15:21 of 3rd period - Eetu Luostarinen wins face-off versus Frederick Gaudreau in SACRAMENTO BANDITS zone.
15:21 of 3rd period - Eetu Luostarinen is hit by Dillon Dube.
15:26 of 3rd period - Eetu Luostarinen is hit by Dillon Dube and loses puck.
15:27 of 3rd period - Minor Penalty to Emil Bemstrom for Roughing.
15:28 of 3rd period - Frederick Gaudreau wins face-off versus Mark Scheifele in NORTH DAKOTA HAWKS zone.
16:11 of 3rd period - Shot by Marcus Johansson.
16:11 of 3rd period - Deflect By Mark Scheifele.
16:11 of 3rd period - Shot Blocked by Frederick Gaudreau.
16:13 of 3rd period - Shot by Patrick Kane.
16:13 of 3rd period - Shot Misses the Net.
17:23 of 3rd period - Shot by Mark Scheifele.
17:23 of 3rd period - Shot Misses the Net.
17:25 of 3rd period - Shot by Mark Scheifele.
17:25 of 3rd period - Shot Misses the Net.
17:51 of 3rd period - Shot by Eetu Luostarinen.
17:51 of 3rd period - Shot Misses the Net.
17:53 of 3rd period - Shot by Eetu Luostarinen.
17:53 of 3rd period - Stopped by Linus Ullmark without a rebound.
17:54 of 3rd period - Nico Hischier wins face-off versus Jack Hughes in NORTH DAKOTA HAWKS zone.
18:24 of 3rd period - Icing by Connor Clifton.
18:25 of 3rd period - Jack Hughes wins face-off versus Mark Scheifele in NORTH DAKOTA HAWKS zone.
18:56 of 3rd period - Shot by Patrick Kane.
18:56 of 3rd period - Deflect By Marcus Johansson.
18:56 of 3rd period - Stopped by Linus Ullmark without a rebound.
18:57 of 3rd period - Frederick Gaudreau wins face-off versus Eetu Luostarinen in NORTH DAKOTA HAWKS zone.
19:06 of 3rd period - Shot by Emil Bemstrom.
19:06 of 3rd period - Stopped by Jaroslav Halak without a rebound.
19:07 of 3rd period - Nick Suzuki wins face-off versus Nico Hischier in SACRAMENTO BANDITS zone.
19:18 of 3rd period - Shot by Jake DeBrusk.
19:18 of 3rd period - Stopped by Jaroslav Halak without a rebound.
19:19 of 3rd period - Frederick Gaudreau wins face-off versus Mark Scheifele in SACRAMENTO BANDITS zone.
19:28 of 3rd period - Shot by Emil Bemstrom.
19:28 of 3rd period - Shot Blocked by Mark Scheifele.
19:30 of 3rd period - Shot by Frederick Gaudreau.
19:30 of 3rd period - Shot Misses the Net.
19:44 of 3rd period - Shot by Emil Bemstrom.
19:44 of 3rd period - Shot Misses the Net.
19:46 of 3rd period - Shot by Frederick Gaudreau.
19:46 of 3rd period - Shot Misses the Net.
Goals for this period are 1 for SACRAMENTO BANDITS vs 3 for NORTH DAKOTA HAWKS.
Shots for this period are 10 for SACRAMENTO BANDITS vs 13 for NORTH DAKOTA HAWKS.


OWEN
TIPPETT
GUSTAV
FORSLING
MATTHEW
BOLDY

EAST COAST

HOCKEY LEAGUE

  • 67.PIT4RHI2
  • 68.ATL5WOR3
  • 69.QUECHW
  • 70.CHATRV